Unix NetHack Version 3.7.0-102 Work-in-progress - last build Apr 7 2024 00:22:53 (d302a6a9ff6341f1a922d8f5af178406b35fdf99,branch:master). Game began 2024-04-25 21:28:50, ended 2024-04-25 21:43:39. Ted, neutral male gnomish Wizard ###########0------- ------ --+---- #------ #|.....| |.@'.| #########......| ------------ #-....| ####......| |....|### |....*| |..........| #|.<..|# #|.....| |>...-# |.....| |..........| #|....| #|.|^..| ----|- -.----- |...........%######|....| #......| # # |..........| #|....| #|.....-# ### # |..........| #|....| #-------# # # -.--.------- #-.---- # # # # # # # # # # # ## ## ## ## " # ######### # # ###### # ### ## ## # # #-.------.---- --|-- ################ ## |...........| |...| # # -.----# ............| |]%!| ----|------# |....|# |...........| |[?[| |..........# |....-# ------------- ----- |..>......| |....| ----------- ------ Ted the Conjurer St:10 Dx:17 Co:16 In:16 Wi:7 Ch:10 Neutral S:791 Dlvl:4 $:71 HP:0(30) Pw:33(33) AC:5 Xp:4/130 T:1826 Latest messages: You see here a cream pie (for sale, 13 zorkmids). You do not owe Kinojevis anything. You do not owe Kinojevis anything. You do not owe Kinojevis anything. You do not owe Kinojevis anything. You do not owe Kinojevis anything. You do not owe Kinojevis anything. You do not owe Kinojevis anything. You do not owe Kinojevis anything. You do not owe Kinojevis anything. You do not owe Kinojevis anything. You do not owe Kinojevis anything. You do not owe Kinojevis anything. You do not owe Kinojevis anything. You do not owe Kinojevis anything. You do not owe Kinojevis anything. You do not owe Kinojevis anything. You see here a cream pie (for sale, 13 zorkmids). You do not owe Kinojevis anything. You do not owe Kinojevis anything. You do not owe Kinojevis anything. You do not owe Kinojevis anything. You see here a cream pie (for sale, 13 zorkmids). You do not owe Kinojevis anything. You do not owe Kinojevis anything. You do not owe Kinojevis anything. You see here 64 rocks. You hear crashing rock. You see here 11 darts. You drop an uncursed scroll of destroy armor. You drop a spellbook of confuse monster. You drop an uncursed spellbook of wizard lock. You drop an uncursed +1 ring of adornment. You drop a candle. What do you want to drop? [$a-df-ikm-oq-vxz or ?*] k You drop a blessed spellbook of force bolt. What do you want to zap? [ct or ?*] ? In what direction? l Some metal objects meld, and an iron golem arises from the pile! You feel shuddering vibrations. You see here a spellbook of force bolt. You miss the iron golem. You miss the iron golem. You hit the iron golem! The iron golem hits! You miss the iron golem. You miss the iron golem. The iron golem hits! You die... Do you want your possessions identified? [ynq] (y) q Inventory: Coins $ - 71 gold pieces Weapons u - a +0 orcish dagger a - a blessed +1 quarterstaff (weapon in hands) Armor x - an uncursed +0 elven leather helm (being worn) b - an uncursed +0 cloak of magic resistance (being worn) q - a blessed +0 studded leather armor (being worn) Comestibles v - 4 uncursed food rations Scrolls h - a blessed scroll of scare monster i - an uncursed scroll of taming Potions n - an uncursed potion of gain ability r - a blessed potion of healing g - an uncursed potion of healing z - an uncursed potion of monster detection f - an uncursed potion of restore ability Rings d - an uncursed ring of poison resistance (on right hand) s - an uncursed ring of searching Wands c - a wand of digging (0:7) t - a wand of polymorph (0:5) Tools m - a magic marker (0:19) o - a cursed skeleton key Ted the Wizard's attributes: Background: You were a Conjurer, a level 4 male gnomish Wizard. You were neutral, nominally on a mission for Thoth who was opposed by Ptah (lawful) and Anhur (chaotic). You were right-handed. You were in the Dungeons of Doom, on level 4. You entered the dungeon 1826 turns ago. There was a full moon in effect when your adventure ended. You had 130 experience points, 30 more were needed to attain level 5. Your score was 791 before end-of-game adjustments. Basics: You had 0 out of 30 hit points. You had all 33 energy points (spell power). Your armor class was 5. Your wallet contained 71 zorkmids. Autopickup was on for '$"=/!?' plus thrown. Final Characteristics: Your strength was 10 (limit:18/50). Your dexterity was 17 (limit:18). Your constitution was 16 (limit:18). Your intelligence was 16 (limit:19). Your wisdom was 7 (limit:18). Your charisma was 10 (limit:18). Final Status: You weren't hungry. You were unencumbered. You were wielding a quarterstaff. You had basic skill with quarterstaff. Final Attributes: You were devoutly aligned. You were magic-protected. You were poison resistant. You had infravision. You were warded. You were lucky. You are dead. Miscellaneous: You never encountered a bones level. Total elapsed playing time was 14 minutes and 47 seconds. Major events: Turn 1: Ted the neutral male gnomish Wizard entered the dungeon 941: attained the rank of Conjurer (level 3) 1174: entered the Gnomish Mines 1826: killed by an iron golem Vanquished creatures: 2 shriekers a little dog a rothe a giant bat 6 manes a large kobold a hobgoblin a cave spider a brown mold a yellow mold a red mold a gecko 6 jackals a fox a kobold 3 sewer rats 3 grid bugs 5 lichens a kobold zombie 5 newts 43 creatures vanquished. No species were genocided or became extinct. Voluntary challenges: You were an atheist. You read items or engraved 1 time. You never engraved Elbereth. You never had a pet. You never genocided any monsters. You never changed form. You used no wishes. Achievements: You attained the rank of Conjurer. You entered the Gnomish Mines. You entered a shop. The Dungeons of Doom: levels 1 to 5 Level 1: A sink. Level 2: Level 3: Level 4: <- You were here. A grave. Stairs down to The Gnomish Mines. Final resting place for you, killed by an iron golem. Level 5: The Gnomish Mines: Level 5: Game over: ---------- / \ / REST \ / IN \ / PEACE \ / \ | Ted | | 71 Au | | killed by an | | iron golem | | | | | | 2024 | *| * * * | * _________)/\\_//(\/(/\)/\//\/|_)_______ Goodbye Ted the Wizard... You died in The Dungeons of Doom on dungeon level 4 with 784 points, and 71 pieces of gold, after 1826 moves. You were level 4 with a maximum of 30 hit points when you died.